 Dungeon Crawl Stone Soup version 0.27.1-34-g3ba077fa99 (webtiles) character file.

Game seed: 10938237939727450812

0 fishdoom the Magician (level 1, 0/13 HPs)
             Began as a Gnoll Wanderer on Jan 20, 2022.
             Slain by a kobold (5 damage)
             ... on level 1 of the Dungeon.
             The game lasted 00:02:31 (126 turns).

fishdoom the Magician (Gnoll Wanderer)               Turns: 126, Time: 00:02:31

Health: 0/13       AC:  2    Str:  9    XL:     1   Next: 10%
Magic:  8/8        EV: 11    Int: 12    God:
Gold:   11         SH:  0    Dex: 12    Spells: 14/14 levels left

rFire    . . .     SeeInvis .   d - +0 short sword
rCold    . . .     Faith    .   (no shield)
rNeg     . . .     Spirit   .   b - +0 robe
rPois    .         Reflect  .   (no helmet)
rElec    .         Harm     .   (no cloak)
rCorr    .         Rampage  .   (no gloves)
Will     .....                  (no boots)
Stlth    +.........             (no amulet)
HPRegen  0.04/turn              (no ring)
MPRegen  0.11/turn              (no ring)

@: no status effects
A: fangs 1, strong nose, distributed training
a: no special abilities


You were on level 1 of the Dungeon.
You visited 1 branch of the dungeon, and saw 1 of its levels.

You collected 11 gold pieces.

Inventory:

Hand Weapons
 a - a +0 dagger
 d - a +0 short sword (weapon)
Armour
 b - a +0 robe (worn)
Jewellery
 f - an amulet of faith
Scrolls
 c - a scroll of identify {unknown}
 e - a scroll of fog {unknown}


   Skills:
 + Level 0.0 Fighting
 + Level 0.0 Short Blades
 + Level 0.0 Long Blades
 + Level 0.0 Axes
 + Level 0.0 Maces & Flails
 + Level 0.0 Polearms
 + Level 0.0 Staves
 + Level 0.0 Slings
 + Level 0.0 Bows
 + Level 0.0 Crossbows
 + Level 0.0 Throwing
 + Level 0.0 Armour
 + Level 0.0 Dodging
 + Level 0.0 Stealth
 + Level 2.3 Shields
 + Level 0.0 Unarmed Combat
 + Level 7.0 Spellcasting
 + Level 0.0 Conjurations
 + Level 7.0 Hexes
 + Level 1.9 Summonings
 + Level 0.0 Necromancy
 + Level 0.0 Translocations
 + Level 0.0 Transmutations
 + Level 0.0 Fire Magic
 + Level 0.0 Ice Magic
 + Level 0.0 Air Magic
 + Level 0.0 Earth Magic
 + Level 0.0 Poison Magic
 + Level 0.0 Invocations
 + Level 2.3 Evocations


You had 14 spell levels left.
You didn't know any spells.
Your spell library contained the following spells:

 Spells                   Type           Power      Damage    Failure   Level
 Corona                   Hex            23%        N/A       1%          1
 Confusing Touch          Hex            21%        N/A       2%          3
 Tukima's Dance           Hex            21%        N/A       2%          3
 Ensorcelled Hibernation  Hex/Ice        24%        N/A       6%          2
 Summon Small Mammal      Summ           32%        N/A       8%          1
 Summon Guardian Golem    Hex/Summ       15%        N/A       8%          3
 Dazzling Flash           Conj/Hex       24%        N/A       12%         3
 Freeze                   Ice            16%        1d4       16%         1
 Ozocubu's Armour         Ice            4%         N/A       43%         3


Dungeon Overview and Level Annotations

Branches:
Dungeon (1/15)

Altars:


Innate Abilities, Weirdness & Mutations

You have very sharp teeth.
Your uncanny sense of smell can sniff out nearby items.
Your experience applies equally to all skills.


Message History

A kobold is nearby!
A kobold is nearby!
You closely miss the kobold. The kobold closely misses you.
You hit the kobold.
The kobold is severely wounded.
The kobold closely misses you.
You closely miss the kobold.
The kobold is severely wounded.
The kobold hits you with a +0 short sword.
You closely miss the kobold.
The kobold is severely wounded.
The kobold hits you but does no damage.
You closely miss the kobold.
The kobold is severely wounded.
The kobold hits you with a +0 short sword.
You hit the kobold.
You kill the kobold!
Things that are here:
a +0 short sword; 4 stones; a kobold corpse
d - a +0 short sword
e - a scroll labelled DAUPA MA JILA You see here a +0 quarterstaff.
As you open the door, it creaks loudly!
Found a square emerald amulet.
There is an open door here.
You open the door.
There is an open door here.
A kobold comes into view. It is wielding a +0 short sword.
You see here an amulet of faith.
f - an amulet of faith The kobold throws a stone.
The stone hits you.
d - a +0 short sword (weapon)
A frilled lizard comes into view.
The kobold throws a stone.
The stone barely misses you.
The kobold throws a stone.
The stone hits you.
The kobold hits you with a +0 short sword.
You hit the kobold.
The kobold is moderately wounded.
The kobold hits you with a +0 short sword.
You die...

#.........#.# .## ##
#.........#.#...# .# # #.
##.........#.#.#.###.#.#.###.
.............................
##.........#.#.##.##.##......
...........'.#...............
#..........#.......#.########
#.........lK.................
#..........#@......).........
#.#.#.#....#.................
#.#.#...##.###'#.............
# ######.# #.#.##..^.......
#.# #......>........ #..
..#.#..########. #.....#.#...
#. ###.#.##.# ∆ #. ..#.#...
..


You could see a kobold and a frilled lizard.

Vanquished Creatures
  A kobold (D:1)
1 creature vanquished.

Notes
Turn   | Place    | Note
-------+----------+-------------------------------------------
     0 | D:1      | fishdoom the Gnoll Wanderer began the quest for the Orb.
     0 | D:1      | fishdoom set off with the following items: a +0 dagger, a
                  | +0 robe; and the following spells available to memorise:
                  | Corona, Confusing Touch, Tukima's Dance, Ensorcelled
                  | Hibernation, Summon Small Mammal, Summon Guardian Golem,
                  | Dazzling Flash, Freeze, Ozocubu's Armour
     0 | D:1      | Reached XP level 1. HP: 13/13 MP: 8/8
   126 | D:1      | Slain by a kobold

Illustrated notes

Levels and vault maps discovered:
D:1:      lightli_iron_boxes, layout_basic

Action                   || total
-------------------------++-------
Melee: Dagger            ||     6
       Short sword       ||     1
Armor: Robe              ||     2
Dodge: Dodged            ||     5
